 Dungeon Sprint DCSS version 0.31.0-12-g77e489cdc1 (webtiles) character file.

Game seed: 8830872092158468382

389 Heoruswealwe the Spear-Bearer (level 6, -4/63 HPs)
             Began as a Minotaur Fighter on Mar 5, 2024.
             Was an Initiate of Gozag.
             Slain by a two-headed ogre
             ... wielding a +0 giant club
              (10 damage)
             ... in the Dungeon (Sprint IX: "|||||||||||||||||||||||||||||").
             The game lasted 00:02:21 (159 turns).

Heoruswealwe the Spear-Bearer (Minotaur Fighter)     Turns: 159, Time: 00:02:23

Health: -4/63      AC:  9    Str: 23    XL:     6   Next: 49%
Magic:  5/5        EV:  8    Int:  5    God:    Gozag
Gold:   0          SH:  0    Dex:  9    Spells: 5/5 levels left

rFire   . . .        b - +2 halberd (venom)
rCold   . . .        (shield currently unavailable)
rNeg    . . .        c - +1 chain mail
rPois   .            (helmet restricted)
rElec   .            (no cloak)
rCorr   .            f - +0 pair of gloves
SInv    .            (no boots)
Will    .....        (no amulet) Stlth
                     (no ring)
HPRegen 0.30/turn    (no ring)
MPRegen 0.09/turn

%: no teleportation
@: corroded
A: horns 2, retaliatory headbutt
a: Renounce Religion, Potion Petition, Call Merchant, Bribe Branch


You were in the Dungeon.
You worshipped Gozag.
Gozag was noncommittal.
You visited 1 branch

Inventory:

Hand Weapons
 a - a +0 trident
 b - a +2 halberd of venom (weapon)
Armour
 c - a +1 chain mail (worn)
 d - a +0 buckler
 f - a +0 pair of gloves (worn)
Wands
 h - a wand of quicksilver (10)
Scrolls
 j - 2 scrolls of blinking
Potions
 e - 5 potions of curing
 g - a potion of haste
 i - a potion of berserk rage
 k - a potion of might


   Skills:
 + Level 9.2 Fighting
 * Level 12.0 Polearms
 + Level 9.2 Armour
 - Level 3.6 Shields


You had 5 spell levels left.
You didn't know any spells.
Your spell library was empty.

Dungeon Overview and Level Annotations

Branches:
Dungeon (1/1)

Altars:
Cheibriados
Dithmenos
Elyvilon
Fedhas
Gozag
Hepliaklqana
Kikubaaqudgha
Makhleb
Nemelex Xobeh
Okawaru
Qazlal
Ru
Sif Muna
Trog
Uskayaw
Vehumet
Wu Jian
Xom
Yredelemnul
Zin
The Shining One
Jiyva
Lugonu


Innate Abilities, Weirdness & Mutations

You have a pair of horns on your head.
You reflexively headbutt those who attack you in melee.


Message History

The kobold demonologist mumbles some strange words.
The two-headed ogre hits you with a +0 giant club!
The two-headed ogre closely misses you.
You hit the two-headed ogre.
The two-headed ogre looks even sicker.
The two-headed ogre is severely wounded.
The kobold demonologist mumbles some strange words.
You hit the two-headed ogre.
The two-headed ogre looks as sick as possible!
You headbutt the two-headed ogre.
The two-headed ogre is severely wounded.
The two-headed ogre hits you with a +0 giant club!
The two-headed ogre hits you with a +0 giant spiked club!
* * * LOW HITPOINT WARNING * * *
The kobold demonologist casts a spell.
You hit the two-headed ogre but do no damage.
You headbutt the two-headed ogre, but do no damage.
The two-headed ogre is severely wounded.
The hellwing swoops through the air toward you!
The hellwing hits you.
* * * LOW HITPOINT WARNING * * *
The hellwing barely misses you.
The two-headed ogre hits you but does no damage.
The two-headed ogre barely misses you.
The kobold demonologist begins to cast a cantrip, but forgets the words!
You hit the two-headed ogre but do no damage.
The two-headed ogre looks as sick as possible!
The two-headed ogre is severely wounded.
The hellwing hits you!
* * * LOW HITPOINT WARNING * * *
The hellwing hits you.
* * * LOW HITPOINT WARNING * * *
You hit the two-headed ogre but do no damage.
The two-headed ogre looks as sick as possible!
You headbutt the two-headed ogre, but do no damage.
The two-headed ogre is severely wounded.
The hellwing barely misses you. The hellwing closely misses you.
The two-headed ogre barely misses you.
The two-headed ogre hits you with a +0 giant spiked club!
You die...
Your body crumbles into a pile of gold. ▓▓▓▓▓▓▓▓▓▓▓▓▓▓▓▓▓▓▓▓▓▓▓▓ _______'!?)[=[=4@OKg5... ▓▓▓▓▓▓▓▓▓▓▓▓▓▓▓▓▓▓▓▓▓▓▓▓

You could see a two-headed ogre (extremely poisoned), a hellwing (summoned), a kobold demonologist, a gnoll sergeant and a crimson imp (summoned).

Vanquished Creatures
  A wraith (D)
  A wyvern (D)
  An orc priest (D)
  A hound (D)
  2 orc wizards (D)
  An adder (D)
  A dart slug (D)
  2 goblins (D)
  A frilled lizard (D)
  2 kobolds (D)
13 creatures vanquished.

Notes
Turn   | Place    | Note
-------+----------+-------------------------------------------
     0 | D        | Heoruswealwe the Minotaur Fighter began the quest for the
                  | Orb.
     0 | D        | Reached XP level 1. HP: 19/19 MP: 0/0
     7 | D        | Reached skill level 3 in Polearms
    21 | D        | Noticed a hound
    21 | D        | Noticed an orc wizard
    21 | D        | Noticed an orc wizard
    26 | D        | Killed a hound
    27 | D        | Reached skill level 5 in Fighting
    27 | D        | Reached skill level 5 in Polearms
    27 | D        | Reached skill level 5 in Armour
    27 | D        | Reached XP level 2. HP: 29/29 MP: 1/1
    27 | D        | Reached XP level 3. HP: 36/36 MP: 2/2
    30 | D        | Reached skill level 6 in Polearms
    35 | D        | Reached skill level 7 in Polearms
    35 | D        | Reached XP level 4. HP: 39/44 MP: 3/3
    45 | D        | Found a snail-covered altar of Cheibriados.
    45 | D        | Found a shadowy altar of Dithmenos.
    45 | D        | Found a white marble altar of Elyvilon.
    45 | D        | Found a blossoming altar of Fedhas.
    45 | D        | Found an opulent altar of Gozag.
    46 | D        | Found a hazy altar of Hepliaklqana.
    47 | D        | Found a viscous altar of Jiyva.
    48 | D        | Found an ancient bone altar of Kikubaaqudgha.
    49 | D        | Found a corrupted altar of Lugonu.
    50 | D        | Found a burning altar of Makhleb.
    51 | D        | Found a sparkling altar of Nemelex Xobeh.
    52 | D        | Found an iron altar of Okawaru.
    53 | D        | Became a worshipper of Gozag Ym Sagoz the Greedy
    54 | D        | Found a stormy altar of Qazlal.
    55 | D        | Found a sacrificial altar of Ru.
    56 | D        | Found a shimmering blue altar of Sif Muna.
    57 | D        | Found a bloodstained altar of Trog.
    58 | D        | Found a hide-covered altar of Uskayaw.
    59 | D        | Found a radiant altar of Vehumet.
    60 | D        | Found an ornate altar of the Wu Jian Council.
    61 | D        | Found a shimmering altar of Xom.
    62 | D        | Found a basalt altar of Yredelemnul.
    63 | D        | Found a glowing silver altar of Zin.
    64 | D        | Found a glowing golden altar of the Shining One.
   128 | D        | Noticed a wraith
   128 | D        | Noticed a wyvern
   128 | D        | Noticed a kobold demonologist
   128 | D        | Noticed a gnoll sergeant
   128 | D        | Noticed a two-headed ogre
   131 | D        | Noticed a rust devil
   134 | D        | Killed a wraith
   135 | D        | Reached skill level 10 in Polearms
   135 | D        | Reached XP level 5. HP: 48/53 MP: 4/4
   139 | D        | Killed a wyvern
   140 | D        | Reached skill level 12 in Polearms
   140 | D        | Reached XP level 6. HP: 47/63 MP: 5/5
   155 | D        | Noticed a hellwing
   159 | D        | Slain by a two-headed ogre

Illustrated notes

Levels and vault maps discovered:
D:        linesprint [early_d, line_temple, items_1, d_10, items_2, lair_1,
          lair_end, items_3, orc_1, orc_end, items_4, d_15, swamp_1, shoals_1,
          snake_1, spider_1, d_20, vaults_1, items_5, swamp_end, shoals_end,
          snake_end, spider_end, vaults_end, d_27, items_6, zot_1, zot_end,
          crypt_end, forest_end, elf_end, slime_end, tomb_end, abyss_end,
          pan_hell_end]

Skill      XL: |  1  2  3  4  5 |
---------------+----------------+-----
Polearms       | 5 7 10 12 | 12.0
Fighting       | 5 6 8 9 |  9.2
Armour         | 5 6 8 9 |  9.2
Shields        | |  3.6

Action                     |  1- 3 |  4- 6 || total
---------------------------+-------+-------++-------
  Melee: Trident           |    22 |     4 ||    26
         Headbutt          |     1 |     8 ||     9
         Halberd           |       |    27 ||    27
    Use: Potion            |       |     3 ||     3
 Armour: Scale mail        |    10 |     2 ||    12
         Chain mail        |       |    21 ||    21
  Dodge: Dodged            |     7 |    11 ||    18
  Block: Buckler           |     3 |       ||     3
